 Dungeon Crawl Stone Soup version 0.28-a0-828-g0121872642 (webtiles) character file.

Game seed: 17643522511269610374

67 iamoutofideas the Firebug (level 3, -5/24 HPs)
             Began as a Demonspawn Fire Elementalist on Nov 10, 2021.
             Slain by an iguana (10 damage)
             ... on level 2 of the Dungeon.
             The game lasted 00:03:42 (3497 turns).

iamoutofideas the Firebug (DsFE)                    Turns: 3497, Time: 00:03:43

Health: -5/24      AC:  3    Str: 10    XL:     3   Next: 98%
Magic:  1/7        EV: 12    Int: 17    God:
Gold:   39         SH:  4    Dex: 13    Spells: 2/8 levels left

rFire   . . .      SeeInvis .   (no weapon)
rCold   + . .      Faith    .   (no shield)
rNeg    . . .      Spirit   .   a - +0 robe
rPois   .          Reflect  .   h - +0 helmet "Oxzomudi" {*Slow rC+ Regen+ Str+2}
rElec   .          Harm     .   (no cloak)
rCorr   .          Rampage  .   (no gloves)
Will    .....                   (no boots)
Stlth   ++........              (no amulet)
HPRegen 1.08/turn               (no ring)
MPRegen 0.10/turn               (no ring)

@: slowed, very slow
A: condensation shield
a: no special abilities


You were on level 2 of the Dungeon.
You visited 1 branch of the dungeon, and saw 3 of its levels.

You collected 39 gold pieces.

Inventory:

Armour
 a - a +0 robe (worn)
 h - the +0 helmet "Oxzomudi" (worn) {*Slow rC+ Regen+ Str+2}
   (You took it off Robin on level 2 of the Dungeon)

   Str:       It affects your strength (+2).
   rC:        It protects you from cold.
   Regen:     It increases your rate of health regeneration.
   *Slow:     It may slow you when you take damage.
Scrolls
 b - 2 scrolls of identify {unknown}
 d - a scroll of immolation {unknown}
 f - a scroll of enchant weapon {unknown}
 g - a scroll of silence {unknown}
 i - a scroll of acquirement {unknown}
Potions
 c - 2 potions of invisibility {unknown}
 e - a potion of berserk rage {unknown}
 j - 2 potions of degeneration {unknown}


   Skills:
 + Level 1.8 Dodging
 - Level 1.7 Stealth
 * Level 3.1 Spellcasting
 + Level 1.9 Conjurations
 + Level 3.2 Fire Magic


You had 2 spell levels left.
You knew the following spells:

 Your Spells              Type           Power      Damage    Failure   Level
a - Foxfire               Conj/Fire      44%        2x1d6     6%          1
b - Scorch                Fire           26%        2d6       7%          2
c - Conjure Flame         Conj/Fire      11%        6-21      19%         3

Your spell library contained the following spells:

 Spells                   Type           Power      Damage    Failure   Level
 Sting                    Tmut/Pois      8%         1d3       17%         1
 Poisonous Vapours        Pois/Air       4%         N/A       26%         2
 Inner Flame              Hex/Fire       8%         N/A       26%         3
 Flame Wave               Conj/Fire      11%        3d4       52%         4
 Olgreb's Toxic Radiance  Pois           2%         N/A       86%         4


Dungeon Overview and Level Annotations

Branches:
Dungeon (3/15)

Altars:
Cheibriados
Nemelex Xobeh

Shops:
D:1 !


Innate Abilities, Weirdness & Mutations

A meltable shield of frost defends you. (SH +4)


Message History

The iguana is moderately wounded.
The foxfire hits the iguana.
The iguana is heavily wounded.
Unknown command.
You see here a +0 whip.
Found 9 gold pieces.
The iguana is no longer more vulnerable to fire.
Casting: Scorch (safe; 7% risk of failure)
Confirm with . or Enter, or press ? or * to list all spells.
You conjure some foxfire!
The iguana bites you!
The foxfire hits the iguana.
The iguana is heavily wounded.
The foxfire hits the iguana.
The iguana is almost dead.
There is a stone staircase leading up here.
The iguana bites you! The orc hits you with a +0 mace.
You climb upwards.
There is a stone staircase leading down here.
Unknown command.
Okay, then.
Casting: Foxfire (safe; 6% risk of failure)
Confirm with . or Enter, or press ? or * to list all spells.
You don't have enough magic to cast this spell.
Unknown command.
You completely miss the orc. The iguana bites you. The orc barely misses you.
You hit the orc.
The orc is heavily wounded.
The iguana bites you.
* * * LOW HITPOINT WARNING * * *
The orc barely misses you.
You closely miss the orc.
The orc is heavily wounded.
The iguana misses you. The orc hits you with a +0 mace.
* * * LOW HITPOINT WARNING * * *
You feel yourself slow down.
You closely miss the orc.
The orc is heavily wounded.
You block the iguana's attack. The orc closely misses you.
The iguana bites you!
You die...

#>##.##.#####.##.#.#.# #...
#.##.##...g...##.#.#.# #†##
#.##.#####..####.#.#.# #.#
#.##.#####..####.#.#.#######.##
#........^.....................
####.###########)#####.........
#.# #)# ##########
#.###########.# #
#.........l@o.# ###############


You could see an iguana and an orc.

Vanquished Creatures
  Robin (D:2)
  A worm (D:1)
  2 dart slugs
  3 endoplasms
  9 goblins
  5 hobgoblins
  8 kobolds
  4 quokkas
  2 ball pythons
  4 bats (D:1)
  3 frilled lizards (D:2)
  4 rats
46 creatures vanquished.

Vanquished Creatures (collateral kills)
  5 foxfires (D:1)
5 creatures vanquished.

Vanquished Creatures (others)
  269 foxfires
269 creatures vanquished.

Grand Total: 320 creatures vanquished

Notes
Turn   | Place    | Note
-------+----------+-------------------------------------------
     0 | D:1      | iamoutofideas the Demonspawn Fire Elementalist began the
                  | quest for the Orb.
     0 | D:1      | Reached XP level 1. HP: 13/13 MP: 3/3
   322 | D:1      | Gained mutation: A meltable shield of frost defends you.
                  | (SH +4) [demonic ancestry]
   322 | D:1      | Reached XP level 2. HP: 19/19 MP: 0/5
   413 | D:1      | Found Toanimosk's Distillery.
  1666 | D:1      | Learned a level 2 spell: Scorch
  1713 | D:1      | Reached XP level 3. HP: 18/24 MP: 0/7
  1841 | D:2      | Identified the +0 helmet "Oxzomudi" {*Slow rC+ Regen+
                  | Str+2}
  1841 | D:2      | Noticed Robin
  2214 | D:2      | Killed Robin
  2384 | D:2      | Found a sparkling altar of Nemelex Xobeh.
  3451 | D:3      | Found a snail-covered altar of Cheibriados.
  3464 | D:3      | Learned a level 3 spell: Conjure Flame
  3497 | D:2      | Slain by an iguana

Illustrated notes

Levels and vault maps discovered:
D:1:      eino_arrival_water_cross, layout_rooms, serial_shops, shop_fountains,
          serial_forest, infiniplex_forest_straight_2,
          infiniplex_forest_lined_2, infiniplex_forest_end_2,
          infiniplex_forest_lined_4_way, infiniplex_forest_end_1,
          infiniplex_forest_lined_room_3, infiniplex_forest_end_3,
          hangedman_decor_peaks_small, hangedman_decor_clover_reticule,
          minmay_misc_feat_hallway
D:2:      layout_loops_ring, basic_altar, uniq_robin
D:3:      layout_rooms, mainiacjoe_overflow_boulevard,
          shapermc_ecumenical_altar_mp_urbaneastern, minmay_misc_feat_square

Skill      XL: |  1  2  3 |
---------------+----------+-----
Fire Magic     | 3 |  3.2
Spellcasting   | 3 |  3.1
Dodging        | |  1.8
Stealth        | |  1.7
Conjurations   | |  1.9

Action                   || total
-------------------------++-------
Melee: Unarmed           ||    17
 Cast: Foxfire           ||   184
       Scorch            ||     3
Armor: Robe              ||     9
Dodge: Dodged            ||    37
Block: Other             ||     4

Table legend: (Time is in decaauts)
 A = Elapsed time spent in this place.
 B = Non-inter-level travel time spent in this place.
 C = Inter-level travel time spent in this place.
 D = Time resting spent in this place.
 E = Time spent auto-exploring this place.
 F = Levels seen in this place.
 G = Mean time per level.
                   A        B        C        D        E       F      G
               +--------+--------+--------+--------+--------+-----+--------+
         Total |   3501 |   3420 |     81 |    410 |   2475 |   3 | 1167.0 |
       Dungeon |   3501 |   3420 |     81 |    410 |   2475 |   3 | 1167.0 |
               +--------+--------+--------+--------+--------+-----+--------+

Top non-repeatable levels by time:
     D:1: 1958 daAuts
     D:2: 1501 daAuts
     D:3: 41 daAuts
